AoeStats
← christoph_dixi

Four Lakes

509931509Analyzed
1v1 RM · 3d ago on Sep 28, 2026· 36m 51s· 2 players
Game mode
Random Map
Map size
Tiny (2 player)
Population
200
Speed
Normal
Resources
Standard
Victory
Conquest
Starting age
Dark Age
Ending age
Imperial Age
RankedLock teamsTeams togetherTeam positionsShared explorationLock speedFull tech treeHidden civsTurbo modeCheats
Victory
Defeat
🇩🇪 Spanish · Germany
910
+17
🇧🇷 Goths · Brazil
930
-17
christoph_dixi
10:01 Feudal Age
11:25 Double-Bit Axe
13:13 Loom
16:53 Castle Age
18:31 Scale Barding Armor
22:26 Bow Saw
28:49 Fishing Lines
31:18 Ballistics
30:55 Murder Holes
31:11 Masonry
32:21 Husbandry
32:25 Gold Mining
33:38 Horse Collar
36:42 Wheelbarrow
35:54 Town Watch
pppppp #vqen
10:27 Feudal Age
10:32 Man-at-Arms
19:44 Scale Mail Armor
32:58 Castle Age
33:28 Long Swordsman
Connection lost

Rejoining the realm…

Still unreachable

The connection could not be restored.

Session expired

The server has moved on; the page needs a fresh start.